 Dungeon Crawl Stone Soup version 0.25-a0-503-ge281fa673e (webtiles) character file.

Game seed: 3328758781199047522, levelgen mode: deterministic

11804 Kohma the Fighter (level 11, -18/98 (99) HPs)
             Began as a Purple Draconian Ice Elementalist on Feb 13, 2020.
             Was a Priest of Vehumet.
             Demolished by a death ooze (21 damage)
             ... in a Gauntlet.
             The game lasted 00:41:40 (12367 turns).

Kohma the Fighter (DrIE)                           Turns: 12367, Time: 00:41:41

HP:   -18/98 (99)   AC: 12    Str: 13    XL:     11   Next: 54%
MP:   9/19          EV: 15    Int: 19    God:    Vehumet [***...]
Gold: 359           SH:  0    Dex: 11    Spells: 2/20 levels left

rFire    . . .     SeeInvis .   x - +6 quarterstaff "Xeted" {drain, rElec}
rCold    . . .     Gourm    .   (shield currently unavailable)
rNeg     . . .     Faith    .   (armour unavailable)
rPois    .         Spirit   .   (helmet restricted)
rElec    +         Reflect  .   z - +2 cloak {MR+}
rCorr    .         Harm     .   E - +1 pair of gloves "Nuezxyss" {Regen+ Str+2}
MR       +++..     NoTele   +   (no boots)
Stlth    +.........             (no amulet)
HPRegen  0.66/turn              k - ring of protection from magic
MPRegen  0.16/turn              y - +4 ring of evasion

@: frozen ramparts, drained
A: breathe power, unfitting armour, cold-blooded, AC +7
a: Breathe Dispelling Energy, Renounce Religion


You were in a Gauntlet.
You worshipped Vehumet.
Vehumet was most pleased with you.
You were near starving.

You visited 2 branches of the dungeon, and saw 12 of its levels.
You also visited: Ossuary and Gauntlet.

You collected 805 gold pieces.
You spent 446 gold pieces at shops.

Inventory:

Hand Weapons
 i - a +0 falchion
 o - a +2 dagger of venom
 x - the +6 quarterstaff "Xeted" (weapon) {drain, rElec}
   (You took it off a crimson imp on level 5 of the Dungeon)

   A truly terrible weapon, it drains the life of those it strikes.
   It insulates you from electricity.
Missiles
 I - a throwing net (quivered)
 J - 6 curare-tipped darts
Armour
 v - a +0 buckler
 z - a +2 cloak of magic resistance (worn)
 E - the +1 pair of gloves "Nuezxyss" (worn) {Regen+ Str+2}
   (You bought it in a shop on level 9 of the Dungeon)

   It affects your strength (+2).
   It increases your rate of regeneration.
   If you remove this armour, your AC will decrease by 2 (12 -> 10).
 L - a scarf of cloud immunity
Magical Staves
 K - an uncursed staff of wizardry
Jewellery
 k - a ring of protection from magic (left hand)
 y - a +4 ring of evasion (right hand)
 F - an uncursed ring of protection from cold
 G - an uncursed ring of ice
Wands
 j - a wand of disintegration (28)
 r - a wand of iceblast (7)
 u - a wand of paralysis (1)
 C - a wand of enslavement (8)
 D - a wand of flame (17)
 H - a wand of scattershot (6)
 M - a wand of acid (8)
 O - a wand of digging (6)
Scrolls
 a - 7 scrolls of immolation
 g - a scroll of enchant armour
 l - 2 scrolls of amnesia
 p - 4 scrolls of remove curse
 s - 4 scrolls of teleportation
 A - a scroll of identify
Potions
 c - 5 potions of agility
 d - 2 potions of magic {unknown}
 e - 6 potions of curing
 f - 2 potions of cancellation {unknown}
 h - 3 potions of haste {unknown}
 m - 4 potions of brilliance {unknown}
 n - 4 potions of mutation
 q - a potion of berserk rage {unknown}
 t - a potion of resistance {unknown}
 w - 3 potions of flight {unknown}
 P - a potion of heal wounds {unknown}
Comestibles
 b - 18 rations


   Skills:
 - Level 10.0(9.0) Fighting
 - Level 4.5(3.6) Long Blades
 * Level 9.8(8.8) Staves
 - Level 1.7(0.9) Dodging
 - Level 1.7(0.9) Stealth
 + Level 5.4(4.5) Spellcasting
 - Level 2.0(1.2) Summonings
 + Level 2.7(1.9) Translocations
 - Level 8.1(7.1) Ice Magic
 - Level 2.0(1.1) Air Magic
 - Level 6.0(5.0) Poison Magic
 + Level 3.7(2.9) Evocations


You had 2 spell levels left.
You knew the following spells:

 Your Spells              Type           Power        Failure   Level  Hunger
b - Frozen Ramparts       Ice            ####..       1%          3    ###....
c - Mephitic Cloud        Conj/Pois/Air  ##......     4%          3    ###....
d - Summon Ice Beast      Ice/Summ       ###.....     24%         4    ####...
e - Controlled Blink      Tloc           N/A          100%        8    #######

Your spell library contained the following spells:

 Spells                   Type           Power        Failure   Level  Hunger
 Olgreb's Toxic Radiance  Pois           ###.....     4%          4    ####...
 Freeze                   Ice            ####         1%          1    None
 Magic Dart               Conj           #...         3%          1    None
 Blink                    Tloc           N/A          9%          2    #......
 Call Imp                 Summ           #.......     12%         2    #......
 Corona                   Hex            #......      13%         1    None
 Slow                     Hex            #.......     21%         2    #......
 Ignite Poison            Fire/Tmut/Pois ##......     5%          3    ###....
 Ozocubu's Armour         Chrm/Ice       ###.....     9%          3    ###....
 Hailstorm                Conj/Ice       ###.....     9%          4    ####...
 Conjure Flame            Conj/Fire      #.......     11%         3    ###....
 Inner Flame              Hex/Fire       #.......     11%         3    ###....
 Gell's Gravitas          Tloc           ##........   19%         3    ###....
 Portal Projectile        Hex/Tloc       #.....       26%         3    ###....
 Tukima's Dance           Hex            #.......     36%         3    ###....
 Passage of Golubria      Tloc           N/A          52%         4    ####...
 Fireball                 Conj/Fire      #.........   63%         5    ######.
 Cause Fear               Hex            #.........   78%         4    ####...
 Leda's Liquefaction      Hex/Erth       #.........   78%         4    ####...
 Starburst                Conj/Fire      #.........   99%         6    #######
 Dispersal                Tloc           ##........   100%        6    #######
 Malign Gateway           Summ/Tloc      ##........   100%        7    #######
 Ring of Flames           Chrm/Fire      #.........   100%        7    #######
 Disjunction              Tloc           ##........   100%        8    #######
 Ignition                 Fire           #.........   100%        8    #######


Dungeon Overview and Level Annotations

Branches:
Dungeon (11/15)            Temple (1/1) D:6            Lair (0/6) D:8
Ossuary (visited)         Gauntlet (1/1)
    Orc: D:9-12

Altars:
Ashenzari
Cheibriados
Dithmenos
Elyvilon
Fedhas
Gozag
Hepliaklqana
Kikubaaqudgha
Makhleb
Nemelex Xobeh
Okawaru
Qazlal
Ru
Sif Muna
Trog
Uskayaw
Vehumet
Wu Jian
Xom
Yredelemnul
Zin
The Shining One

Shops:
D:9 [

Annotations:
D:10 2 transporters, Thargor's ghost, journeyman DrCj
D:11 2 transporters, pentaxis93's ghost, journeyman BaSu Gauntlet 14 transporters, exclusion: 2 lightning spires


Innate Abilities, Weirdness & Mutations

You can breathe bolts of dispelling energy.
Your rich purple scales are hard. (AC +7)
You cannot fit into any form of body armour.
You are cold-blooded and may be slowed by cold attacks.


Message History

Confirm with . or Enter, or press ? or * to list all spells.
The walls around you are covered in icicles.
The walls release a blast of icicles at the death ooze!
The death ooze partially resists.
The death ooze is encased in ice.
The death ooze hits you!
* * * LOW HITPOINT WARNING * * *
You feel your flesh rotting away! The death ooze hits you!
* * * LOW HITPOINT WARNING * * *
You feel better.
The walls release a blast of icicles at the death ooze!
The death ooze hits you!
* * * LOW HITPOINT WARNING * * *
You feel your flesh rotting away! The death ooze barely misses you.
As you read the scroll of fear, it crumbles to dust.
You assume a fearsome visage.
The death ooze is unaffected.
The death ooze is no longer encased in ice.
The walls release a blast of icicles at the death ooze!
The death ooze partially resists.
The death ooze is encased in ice.
The death ooze hits you!!
You die...

###################
.................≈#
..................###
####.###########..#8#
...#.#..###.#.##..###
#..#.#.#.P#....#....#
.#.#.##.#.#.##.#....###
.#.#.#..#.#.#P.###..#8#
#..#.###.#.##.©#@#..###
.#.#.##.#.©###.#J#..#
.#.#.#.##.P...##.#..### ### ###
#..#.#.#.P#..#.#.#..#8# #8# #8#
..3#.###..######.#..#############
################.#..............#
........©#≈≈8≈≈#.#..............#
################.#############...
≈≈≈#©...........©...........©#...


You could see a death ooze.

Vanquished Creatures
  A two-headed ogre (D:11)
  A manticore (D:11)
  Joseph (D:10)
  A gargoyle (D:10)
  The ghost of zaran the Slasher, a novice BaSk of Uskayaw (D:7)
  Maggie (D:10)
  A troll (D:5)
  6 hippogriffs
  2 wyverns
  15 yaks
  2 ice beasts
  An orc warrior (D:6)
  A sky beast (D:6)
  7 ogres
  3 necrophages
  5 centaurs
  5 phantoms
  A crocodile (D:10)
  2 big kobolds
  5 bullfrogs
  A gnoll sergeant (D:7)
  A wyvern zombie (D:8)
  2 scorpions
  10 killer bees
  5 wights (D:9)
  5 howler monkeys
  2 crimson imps
  5 centaur zombies
  A human zombie (Ossuary)
  5 jellies
  A quasit (D:6)
  2 bullfrog zombies
  5 hounds
  11 orc wizards
  A gnoll shaman (D:7)
  2 orc priests
  A bullfrog skeleton (D:5)
  3 centaur skeletons
  2 iguanas
  10 worker ants
  A hound zombie (D:9)
  6 mummies
  A worker ant zombie (D:9)
  12 gnolls
  10 adders
  2 howler monkey skeletons
  6 shadow imps
  3 oozes
  3 worms
  An adder skeleton (D:8)
  3 dart slugs
  4 leopard geckos
  31 orcs
  2 bat zombies (D:7)
  5 giant cockroaches
  6 goblins
  7 hobgoblins
  11 jackals
  2 quokkas (D:5)
  4 ball pythons
  3 bats
  5 frilled lizards
  2 goblin zombies (Ossuary)
  2 hobgoblin zombies (Ossuary)
  2 jackal zombies
  22 kobolds
  A kobold zombie (Ossuary)
  A leopard gecko zombie (D:6)
  An orc zombie (Ossuary)
  13 rats
  A rat zombie (D:7)
310 creatures vanquished.

Vanquished Creatures (collateral kills)
  A big kobold (D:10)
  A bullfrog (D:10)
  A mummy (Ossuary)
  2 kobolds (D:10)
5 creatures vanquished.

Vanquished Creatures (others)
  23 demonic plants (Gauntlet)
23 creatures vanquished.

Grand Total: 338 creatures vanquished

Notes
Turn   | Place    | Note
-------+----------+-------------------------------------------
     0 | D:1      | Kohma the Draconian Ice Elementalist began the quest for
                  | the Orb.
     0 | D:1      | Reached XP level 1. HP: 14/14 MP: 3/3
   154 | D:1      | Reached XP level 2. HP: 19/22 MP: 0/5
   311 | D:1      | Reached skill level 1 in Fighting
  1184 | D:2      | Reached XP level 3. HP: 28/28 MP: 4/6
  1189 | D:2      | Learned a level 3 spell: Frozen Ramparts
  2107 | D:3      | Reached XP level 4. HP: 34/36 MP: 2/7
  2191 | D:3      | Reached skill level 2 in Fighting
  2191 | D:3      | Reached skill level 5 in Ice Magic
  2591 | D:3      | Found a stormy altar of Qazlal.
  2833 | D:3      | Reached XP level 5. HP: 42/42 MP: 5/9
  3314 | D:3      | Reached skill level 3 in Fighting
  3314 | D:3      | Reached XP level 6. HP: 29/51 MP: 4/11
  4077 | D:4      | Your scales start taking on a rich purple colour.
  4077 | D:4      | Reached XP level 7. HP: 39/58 MP: 2/14
  4244 | D:4      | Reached skill level 4 in Fighting
  4459 | D:4      | Reached skill level 1 in Long Blades
  4718 | D:5      | Entered Level 5 of the Dungeon
  4773 | D:5      | Reached XP level 8. HP: 60/67 MP: 9/15
  4791 | D:5      | Reached skill level 5 in Fighting
  4794 | D:5      | HP: 1/68 [ogre/+0 giant club (20)]
  4795 | D:5      | Found a snail-covered altar of Cheibriados.
  5371 | D:5      | Identified Vaul's Grimoire of Quantum Beguiling
  5685 | D:5      | Noticed a troll
  5756 | D:5      | Reached skill level 6 in Fighting
  5770 | D:5      | HP: 1/70 [acid (9)]
  6158 | D:5      | Learned a level 3 spell: Mephitic Cloud
  6163 | D:5      | Learned a level 4 spell: Summon Ice Beast
  6222 | D:5      | Killed a troll
  6222 | D:5      | Reached skill level 1 in Summonings
  6222 | D:5      | Reached skill level 1 in Air Magic
  6222 | D:5      | Reached skill level 1 in Poison Magic
  6225 | D:5      | Identified the +6 quarterstaff "Xeted" {drain, rElec}
  6553 | D:6      | Found a sand-covered staircase.
  6564 | Ossuary  | Entered an ossuary
  6671 | Ossuary  | Reached skill level 1 in Staves
  6800 | Ossuary  | Reached XP level 9. HP: 74/78 MP: 16/16
  6937 | D:6      | Reached skill level 7 in Fighting
  7626 | D:6      | Found a staircase to the Ecumenical Temple.
  7632 | Temple   | Entered the Ecumenical Temple
  7868 | Temple   | Became a worshipper of Vehumet
  7971 | D:7      | Found an iron altar of Okawaru.
  7971 | D:7      | Found a blossoming altar of Fedhas.
  8096 | D:7      | Reached skill level 5 in Staves
  8570 | D:7      | Found a sacrificial altar of Ru.
  8596 | D:7      | Reached * piety under Vehumet
  8596 | D:7      | Offered knowledge of Shock by Vehumet.
  8596 | D:7      | Reached XP level 10. HP: 73/88 MP: 14/17
  8655 | D:7      | Found a runed translucent door.
  8655 | D:7      | Noticed zaran's ghost (novice BaSk)
  8675 | D:7      | Killed zaran's ghost
  8675 | D:7      | Reached skill level 8 in Fighting
  8807 | D:7      | Found an ancient bone altar of Kikubaaqudgha.
  9111 | D:8      | Found a staircase to the Lair.
  9366 | D:9      | Reached skill level 5 in Poison Magic
  9376 | D:9      | HP: 3/90 [yak (8)]
  9376 | D:9      | HP: 1/90 [yak (2)]
 10095 | D:9      | Found a shimmering altar of Xom.
 10095 | D:9      | Found a shimmering altar of Xom.
 10098 | D:9      | Found a shimmering altar of Xom.
 10122 | D:9      | Reached ** piety under Vehumet
 10230 | D:9      | Offered knowledge of Foxfire by Vehumet.
 10401 | D:9      | Reached skill level 9 in Fighting
 10636 | D:9      | Found Jalluydd's Armour Boutique.
 10643 | D:9      | Bought a +1 cloak of magic resistance for 198 gold pieces
 10643 | D:9      | Bought the +1 pair of gloves "Nuezxyss" {Regen+ Str+2} for
                  | 248 gold pieces
 10697 | D:9      | Found a bloodstained altar of Trog.
 10776 | D:9      | Reached skill level 1 in Evocations
 10783 | D:9      | Offered knowledge of Stone Arrow by Vehumet.
 10789 | D:9      | Reached XP level 11. HP: 88/97 MP: 15/18
 10846 | D:9      | Learned a level 8 spell: Controlled Blink
 10989 | D:9      | Noticed an emperor scorpion
 11081 | D:9      | Noticed an ice dragon
 11093 | D:10     | Entered Level 10 of the Dungeon
 11110 | D:10     | Reached *** piety under Vehumet
 11250 | D:10     | Noticed Joseph
 11267 | D:10     | Killed Joseph
 11267 | D:10     | Reached skill level 1 in Translocations
 11307 | D:10     | Offered knowledge of Olgreb's Toxic Radiance by Vehumet.
 11421 | D:10     | Found a transporter.
 11421 | D:10     | Noticed Thargor's ghost (journeyman DrCj)
 11439 | D:10     | Found a transporter.
 11477 | D:10     | Noticed Maggie
 11494 | D:10     | Killed Maggie
 11672 | D:10     | Reached skill level 5 in Spellcasting
 11799 | D:10     | You fall into a shaft and drop 1 floor!
 11883 | D:11     | Found a gate leading to a gauntlet.
 11887 | D:11     | Noticed a two-headed ogre
 11894 | D:11     | Noticed pentaxis93's ghost (journeyman BaSu)
 11906 | D:11     | Killed a two-headed ogre
 11906 | D:11     | Reached **** piety under Vehumet
 11906 | D:11     | Reached skill level 10 in Fighting
 11916 | D:11     | Found a transporter.
 11916 | D:11     | Found a transporter.
 11922 | Gauntlet | Entered a Gauntlet
 11922 | Gauntlet | Found a transporter.
 11963 | Gauntlet | Noticed a soul eater
 11964 | Gauntlet | Found a transporter.
 11966 | Gauntlet | Found a transporter.
 11968 | Gauntlet | Found a transporter.
 11983 | Gauntlet | Noticed a fire crab
 11984 | Gauntlet | Found a transporter.
 11999 | Gauntlet | Found a transporter.
 12007 | Gauntlet | Found a transporter.
 12021 | Gauntlet | Noticed a hell hog
 12022 | Gauntlet | Found a transporter.
 12041 | Gauntlet | Found a transporter.
 12043 | Gauntlet | Found the cursed necklace of Bloodlust {*Rage +Rage MR++
                  | Int-3 Slay+6 *Curse}
 12051 | Gauntlet | Noticed a hell beast
 12053 | Gauntlet | Found a transporter.
 12075 | Gauntlet | Found a transporter.
 12087 | Gauntlet | Found a transporter.
 12087 | Gauntlet | Noticed a hell beast
 12099 | Gauntlet | Found a transporter.
 12099 | Gauntlet | Noticed a cacodemon
 12116 | Gauntlet | Found a transporter.
 12135 | Gauntlet | Found a transporter.
 12137 | Gauntlet | Found a transporter.
 12138 | Gauntlet | Noticed a death ooze
 12171 | Gauntlet | Found a transporter.
 12173 | Gauntlet | Found a transporter.
 12365 | Gauntlet | HP: 4/97 [death ooze (15)]
 12367 | Gauntlet | Demolished by a death ooze

Levels and vault maps discovered:
D:1:      dpeg_arrival_radiant, layout_basic, hangedman_decor_points
D:2:      layout_basic
D:3:      layout_basic, old_standard_altar
D:4:      minmay_skewed_foursquare, layout_cave_pools
D:5:      kennysheep_windowed_halls, layout_loops_cross, slow_altar_1,
          first_ration
D:6:      layout_rooms, minmay_temple_entry_fiery,
          nicolae_ossuary_entry_monument, minmay_a_box_with_orc_wizards_in_it
D:7:      layout_rooms, lemuel_round_altar, lemuel_zombie_altar_kikubaaqudgha,
          chequers_temple_overflow_statue_of_worship, gammafunk_ghost_grave,
          chequers_arboretum
D:8:      layout_gridville, lair_entry_dummy
D:9:      layout_irregular_city, lemuel_round_altar, xom_shifter_show,
          serial_undead, serial_undead_a, serial_undead_d, serial_undead_e,
          serial_undead_e, serial_shops,
          nicolae_shop_temple_entry_statues_fountains
D:10:     layout_rooms, gammafunk_ghost_mausoleum, uniq_joseph, uniq_maggie
D:11:     layout_rooms, gauntlet_entry_generic, gammafunk_ghost_hive
Temple:   eino_temple_water
Gauntlet: gammafunk_gauntlet_one_two_three [nicolae_gauntlet_arena_quarters,
          nicolae_gauntlet_arena_t_cross, gammafunk_gauntlet_arena_mazey,
          gammafunk_gauntlet_arena_hedges, nicolae_gauntlet_arena_x,
          gammafunk_gauntlet_arena_crates,
          gammafunk_gauntlet_arena_split_diamond,
          nicolae_gauntlet_arena_grate_2, gammafunk_gauntlet_arena_grid,
          gauntlet_exit_hidden_loot]

Skill      XL: |  1  2  3  4  5  6  7  8  9 10 11 |
---------------+----------------------------------+-----
Fighting       | 1 2 3 4 6 7 9 10 | 10.0
Ice Magic      | 5 6 7 8 |  8.1
Spellcasting   | 3 4 5 |  5.4
Long Blades    | 2 4 |  4.5
Summonings     | 1 2 |  2.0
Air Magic      | 1 2 |  2.0
Poison Magic   | 1 4 6 |  6.0
Staves         | 1 5 8 9 |  9.8
Evocations     | 1 3 |  3.7
Translocations | 2 |  2.7
Dodging        | |  1.7
Stealth        | |  1.7

Action                   |  1- 3 |  4- 6 |  7- 9 | 10-12 || total
-------------------------+-------+-------+-------+-------++-------
Melee: Unarmed           |    15 |       |       |       ||    15
       Tailslap          |    10 |    11 |    20 |    19 ||    60
       Dagger            |    56 |    83 |    74 |       ||   213
       Club              |     1 |       |       |       ||     1
       Quarterstaff      |       |       |   101 |   204 ||   305
 Cast: Freeze            |    40 |    10 |     1 |    13 ||    64
       Frozen Ramparts   |     3 |    22 |    44 |    50 ||   119
       Summon Ice Beast  |       |       |     1 |    10 ||    11
       Mephitic Cloud    |       |       |       |     1 ||     1
Evoke: Wand              |       |     2 |     3 |       ||     5
  Use: Scroll            |       |     7 |     3 |    14 ||    24
       Potion            |       |       |     1 |     2 ||     3
 Stab: Sleeping          |     2 |     1 |     5 |     2 ||    10
       Distracted        |       |       |     1 |       ||     1
  Eat: Chunk             |     4 |     6 |    10 |    15 ||    35
       Ration            |       |     1 |     2 |       ||     3
Armor: Skin              |    28 |    21 |    52 |    70 ||   171
Dodge: Dodged            |    75 |    46 |   167 |   204 ||   492

Table legend:
 A = Non-vault XP
 B = Vault XP
 C = Vault XP percentage of total XP
 D = Non-vault monster count
 E = Vault monster count
 F = Vault count percentage of total count
                 A         B        C        D         E       F
            +---------+---------+-------+---------+---------+-------
      Total |   13797 |    3066 |  18.2 |     260 |      55 |  17.5
            +---------+---------+-------+---------+---------+-------
        D:1 |      38 |       0 |   0.0 |      19 |       0 |   0.0
        D:2 |      51 |       0 |   0.0 |      24 |       0 |   0.0
        D:3 |     315 |       0 |   0.0 |      39 |       0 |   0.0
        D:4 |     594 |     142 |  19.3 |      12 |       2 |  14.3
        D:5 |     719 |     786 |  52.2 |      26 |      15 |  36.6
        D:6 |    1293 |     110 |   7.8 |      25 |       3 |  10.7
        D:7 |    1352 |     415 |  23.5 |      29 |       4 |  12.1
        D:8 |    1105 |       0 |   0.0 |      16 |       0 |   0.0
        D:9 |    3695 |     695 |  15.8 |      35 |      12 |  25.5
       D:10 |    2255 |     696 |  23.6 |      29 |       2 |   6.5
       D:11 |    2380 |       0 |   0.0 |       6 |       0 |   0.0
    Ossuary |       0 |     178 | 100.0 |       0 |      13 | 100.0
   Gauntlet |       0 |      44 | 100.0 |       0 |       4 | 100.0
            +---------+---------+-------+---------+---------+-------
